Map: Terrenos sagrados

Players

MrFercho

  • Race: Zerg Zerg
  • League: Silver
  • Spawn Location: 6:00

TATORREA

  • Race: Protoss Protoss
  • League: Silver
  • Spawn Location: 6:00

tigro

  • Race: Terran Terran
  • Spawn Location: 6:00

Tony

  • Race: Protoss Protoss
  • League: Diamond
  • Spawn Location: 12:00

Destroyer

  • Race: Zerg Zerg
  • League: Master
  • Spawn Location: 12:00

Juggernaut

  • Race: Terran Terran
  • Spawn Location: 12:00

VOD

Have the link to the VOD?

Description

Time

  • Played on: May 12, 2020, 9 p.m.
  • Length: 12:30
Show
View Real Time Build Order
Export as new Build Order

MrFercho Zerg 

Build Orders: Pool First 

Get SALT Encoding   

  12  0:02  Drone  
  13  0:15  Overlord  
  13  0:21  Drone  
  13  0:25  Extractor  
  13  0:29  Extractor, Drone  
  13  0:31  Drone  
  14  0:44  Drone  
  14  0:49  Drone  
  16  0:58  Drone  
  17  1:16  Spawning Pool  
  16  1:19  Drone  
  17  1:34  Drone x2  
  19  1:47  Hatchery  
  19  1:49  Drone  
  19  2:33  Zergling x2  
  19  2:34  Zergling x4  
  20  3:23  Zergling x2  
  20  3:24  Zergling x4  
  23  3:28  Drone  
  23  3:29  Drone x2  
  25  3:45  Metabolic Boost  
  25  3:49  Drone x2  
  27  4:07  Hatchery  
  26  4:10  Hatchery  
  26  4:14  Drone x2  
  26  4:16  Hatchery, Drone  
  27  4:38  Lair  
  25  5:01  Extractor  
  25  5:02  Extractor  
  18  5:28  Zergling x10  
  23  5:37  Roach Warren  
  22  5:43  Spire  
  21  6:09  Drone x10  
  21  6:10  Drone x2  
  33  6:44  Overlord x2  
  33  6:45  Overlord  
  33  6:59  Extractor  
  32  7:02  Extractor, Drone x4  
  32  7:03  Extractor, Drone x9  
  43  7:09  Extractor  
  42  7:18  Zerg Flyer Weapons Level 1  
  42  7:45  Drone  
  42  7:46  Drone x14  
  57  8:05  Nydus Network  
  56  8:26  Mutalisk x4  
  56  8:27  Mutalisk x3  
  58  8:32  Overlord x3  
  26  9:12  Zerg Flyer Armor Level 1, Mutalisk  
  26  9:13  Mutalisk x7  
  30  9:18  Overseer  
Show
View Real Time Build Order
Export as new Build Order

TATORREA Protoss 

Build Orders:  

Get SALT Encoding   

  12  0:01  Probe  
  13  0:19  Probe  
  14  0:22  Pylon  
  14  0:31  Probe  
  15  0:50  Forge  
  15  0:53  Gateway  
  15  0:55  Probe  
  16  1:07  Probe  
  16  1:10  Assimilator  
  17  1:19  Probe  
  18  1:31  Probe  
  19  1:43  Probe  
  20  1:51  Pylon  
  20  1:52  Pylon  
  20  1:54  Pylon  
  20  2:13  Photon Cannon  
  19  2:18  Probe  
  20  2:36  Zealot  
  20  2:53  Probe  
  20  3:26  Protoss Ground Weapons Level 1  
  20  3:38  Cybernetics Core  
  20  3:51  Gateway  
  20  3:58  Nexus  
  20  4:00  Probe  
  20  4:01  Assimilator  
  21  4:04  Assimilator  
  21  4:06  Assimilator  
  21  4:12  Probe  
  22  4:20  Pylon  
  22  4:23  Pylon  
  23  4:24  Probe  
  23  4:27  Pylon  
  23  4:30  Pylon  
  23  4:34  Pylon  
  23  4:38  Probe  
  23  4:40  Stalker  
  23  4:42  Stalker  
  28  4:45  Warp Gate  
  28  4:50  Probe  
  29  5:00  Stargate  
  29  5:06  Robotics Facility  
  29  5:09  Probe  
  30  5:21  Probe  
  31  5:26  Stalker x2  
  35  5:30  Probe  
  35  5:34  Probe  
  37  5:42  Probe  
  37  5:46  Oracle  
  41  5:54  Probe  
  41  5:55  Probe  
  43  6:05  Protoss Ground Armor Level 1  
  43  6:23  Immortal  
  43  6:25  Probe x2  
  49  6:38  Void Ray  
  53  6:42  Probe  
  53  6:43  Probe  
  55  6:55  Probe x2  
  55  7:00  Twilight Council  
  57  7:06  Robotics Bay  
  57  7:07  Probe x2  
  59  7:19  Probe x2  
  58  7:31  Probe  
  58  7:33  Probe  
  60  7:37  Blink  
  60  7:41  Stalker  
  60  7:42  Stalker  
  60  7:43  Probe  
  65  7:45  Void Ray  
  69  8:08  Protoss Air Weapons Level 1  
  69  8:22  Nexus  
  69  8:25  Assimilator  
  69  8:29  Assimilator  
  69  8:36  Colossus  
  36  9:53  Stalker  
  36  9:54  Stalker  
Show
View Real Time Build Order
Export as new Build Order

tigro Terran 

Build Orders:  

Get SALT Encoding   

  12  0:03  SCV  
  13  0:15  SCV  
  14  0:22  Supply Depot  
  14  0:29  Refinery  
  14  0:31  SCV  
  15  0:44  SCV  
  16  0:56  SCV  
  17  0:59  Barracks  
  17  1:08  SCV  
  18  1:20  SCV, Refinery  
  19  1:32  SCV  
  19  1:37  Supply Depot  
  20  1:45  SCV  
  21  1:48  Marine  
  22  1:57  SCV  
  23  2:05  Barracks  
  23  2:06  Marine  
  24  2:23  Marine, SCV  
  26  2:35  SCV  
  27  2:41  Marine  
  28  2:57  Engineering Bay  
  28  2:59  Marine  
  29  3:20  Barracks Tech Lab  
  29  3:22  Barracks Tech Lab  
  29  3:59  Marauder  
  29  4:00  Factory  
  31  4:10  Orbital Command  
  31  4:12  Supply Depot  
  31  4:16  Terran Infantry Weapons Level 1  
  31  4:27  Combat Shield  
  31  4:29  Stimpack  
  31  4:33  Marauder, Marine  
  34  4:48  Factory Tech Lab  
  34  4:51  Marine  
  35  4:55  Marauder  
  37  5:02  Command Center  
  37  5:16  Marauder  
  34  5:46  Concussive Shells  
  34  6:07  Missile Turret  
  34  6:11  Terran Infantry Armor Level 1  
  34  6:27  Missile Turret  
  34  6:28  Siege Tank  
  37  6:45  Planetary Fortress  
  37  6:49  Missile Turret  
  37  6:56  Armory  
  37  7:00  Siege Tank  
  40  7:11  Missile Turret  
  40  7:35  Missile Turret  
  40  7:44  Starport  
  40  7:57  Missile Turret  
  40  8:05  Neosteel Armor  
  40  8:06  Terran Vehicle Weapons Level 1  
  40  8:12  SCV  
  41  8:19  Missile Turret  
  41  8:24  SCV  
  41  8:25  Starport  
  32  8:28  Marine  
  32  8:30  Marine  
  34  8:36  SCV  
  34  8:41  Starport Tech Lab  
  26  8:46  Marine  
  21  8:48  Marine, SCV  
  13  9:00  SCV  
  12  9:04  Marine, SCV  
  12  9:06  Marine  
  15  9:10  Hellion  
  15  9:17  SCV  
  18  9:21  Marine  
  16  9:24  Marine  
  16  9:29  SCV  
  16  9:32  Hellion  
  16  9:39  Marine  
  16  9:42  Marine  
  16  9:45  Hi-Sec Auto Tracking  
  15  9:53  Hellion  
  15  9:57  Marine  
  15  9:59  Marine  
  17  10:01  Terran Vehicle And Ship Armor Level 1  
  13  10:15  Marine  
  13  10:17  Marine  
  15  10:33  Marine  
  15  10:35  Marine  
  16  10:42  Thor  
  23  10:50  Marine  
  23  10:53  Marine  
  25  11:07  SCV  
  25  11:10  Refinery  
  26  11:17  Supply Depot, Barracks Tech Lab  
  26  11:19  SCV  
  27  11:31  SCV  
  28  11:43  SCV  
  29  11:49  Refinery  
  35  11:55  SCV  
  36  12:03  Marauder  
  36  12:07  Marine  
Show
View Real Time Build Order
Export as new Build Order

Tony Protoss 

Build Orders: 1 Gate Expand, Zealot Archon 

Get SALT Encoding   

  12  0:01  Probe  
  13  0:13  Probe  
  14  0:20  Pylon  
  14  0:25  Probe  
  15  0:38  Probe (Chrono Boost)  
  15  0:41  Gateway  
  17  0:50  Probe (Chrono Boost)  
  17  0:51  Assimilator  
  17  0:55  Probe (Chrono Boost)  
  18  1:05  Probe  
  19  1:23  Nexus  
  19  1:36  Cybernetics Core  
  19  1:41  Probe (Chrono Boost)  
  19  1:45  Assimilator  
  20  1:53  Pylon, Probe (Chrono Boost)  
  21  1:59  Probe (Chrono Boost)  
  22  2:08  Probe  
  23  2:10  Stalker (Chrono Boost)  
  25  2:16  Warp Gate  
  25  2:20  Probe  
  26  2:32  Probe  
  26  2:35  Twilight Council  
  27  2:42  Probe (Chrono Boost)  
  28  2:48  Pylon  
  28  2:50  Probe (Chrono Boost)  
  30  2:53  Probe (Chrono Boost)  
  30  2:57  Probe (Chrono Boost)  
  31  3:10  Probe  
  32  3:13  Stalker  
  32  3:14  Charge, Probe  
  35  3:22  Probe  
  35  3:29  Probe (Chrono Boost)  
  34  3:39  Robotics Facility  
  34  3:40  Probe (Chrono Boost)  
  34  3:41  Probe (Chrono Boost)  
  36  3:44  Gateway  
  36  3:45  Sentry  
  36  3:46  Probe (Chrono Boost)  
  36  3:48  Probe (Chrono Boost)  
  40  3:50  Assimilator  
  40  3:52  Assimilator  
  40  3:55  Probe  
  41  3:57  Gateway  
  41  4:01  Probe (Chrono Boost)  
  42  4:07  Probe (Chrono Boost)  
  43  4:14  Forge, Pylon  
  45  4:17  Probe (Chrono Boost)  
  45  4:18  Probe (Chrono Boost)  
  45  4:19  Sentry  
  45  4:22  Probe (Chrono Boost)  
  47  4:24  Probe  
  49  4:37  Nexus  
  49  4:39  Probe (Chrono Boost)  
  49  4:44  Probe (Chrono Boost)  
  51  4:48  Protoss Ground Weapons Level 1  
  51  4:49  Probe (Chrono Boost)  
  53  4:53  Probe (Chrono Boost)  
  53  4:54  Pylon, Probe (Chrono Boost)  
  54  5:00  Immortal (Chrono Boost)  
  58  5:09  Probe x2  
  58  5:11  Blink  
  60  5:20  Pylon, Zealot  
  60  5:21  Probe x2  
  63  5:24  Zealot  
  66  5:33  Probe x2  
  68  5:36  Warp Prism  
  70  5:45  Probe (Chrono Boost)  
  70  5:46  Forge, Probe (Chrono Boost)  
  72  5:50  Probe (Chrono Boost)  
  72  5:52  Robotics Bay  
  75  5:57  Probe (Chrono Boost)  
  75  5:58  Probe (Chrono Boost)  
  75  6:00  Probe (Chrono Boost)  
  75  6:01  Pylon  
  75  6:04  Stalker  
  78  6:06  Probe  
  78  6:08  Probe, Zealot  
  78  6:10  Probe  
  83  6:16  Observer  
  84  6:21  Probe  
  84  6:22  Probe x2  
  84  6:24  Protoss Ground Armor Level 1  
  87  6:31  Templar Archives  
  87  6:33  Probe  
  87  6:34  Assimilator, Probe x2  
  87  6:37  Assimilator  
  87  6:39  Pylon  
  90  6:42  Zealot  
  90  6:45  Probe  
  90  6:46  Probe  
  95  6:48  Probe  
  95  6:52  Nexus  
  95  7:04  Probe x2  
  95  7:05  Pylon  
  97  7:19  Probe  
  97  7:20  Probe x2  
  100  7:24  Protoss Ground Weapons Level 2 (Chrono Boost)  
  100  7:25  Photon Cannon  
  100  7:26  Photon Cannon  
  100  7:27  Immortal (Chrono Boost)  
  100  7:28  Photon Cannon  
  104  7:31  Probe  
  104  7:32  Probe  
  106  7:41  Pylon  
  106  7:48  Pylon  
  106  7:49  Psionic Storm, High Templar x3  
  106  7:50  Extended Thermal Lance  
  112  7:54  Pylon  
  112  7:56  Archon  
  112  7:58  Robotics Facility  
  112  7:59  Pylon  
  112  8:02  Colossus (Chrono Boost)  
  118  8:08  Photon Cannon  
  118  8:09  Gateway  
  118  8:10  Photon Cannon, Shield Battery  
  118  8:14  Gateway x2  
  118  8:38  Zealot  
  118  8:39  Zealot x2  
  124  8:48  Pylon  
  124  8:53  Pylon  
  124  8:56  Immortal  
  124  8:57  Pylon  
  128  9:02  Protoss Ground Armor Level 2 (Chrono Boost)  
  128  9:03  Assimilator  
  128  9:05  Pylon  
  128  9:06  Gateway  
  128  9:07  Gateway, Assimilator  
  128  9:11  Stalker x5  
  128  9:12  Stalker  
  128  9:13  Photon Cannon  
  140  9:34  Colossus (Chrono Boost), Pylon  
  140  9:35  Colossus (Chrono Boost)  
  140  9:36  High Templar x6  
  164  9:45  Pylon  
  164  9:56  Nexus  
  164  9:57  Pylon  
  162  10:01  Pylon  
  162  10:19  Stalker x6  
  162  10:20  Stalker x2  
  178  11:07  High Templar x6  
  178  11:08  High Templar  
  178  11:09  Zealot  
  178  11:11  Archon x3  
  194  11:39  Stalker x2  
  198  11:40  Stalker  
  200  12:13  Assimilator  
  200  12:17  Assimilator  
Show
View Real Time Build Order
Export as new Build Order

Destroyer Zerg 

Build Orders: Hatch First 

Get SALT Encoding   

  12  0:00  Drone  
  13  0:12  Overlord  
  13  0:18  Drone  
  14  0:31  Drone x2  
  16  0:49  Hatchery  
  15  0:53  Drone  
  16  0:57  Drone  
  16  1:01  Drone  
  18  1:12  Extractor  
  18  1:16  Spawning Pool  
  16  1:19  Drone  
  16  1:23  Drone  
  18  1:30  Drone  
  19  1:41  Overlord  
  19  1:50  Drone  
  20  2:03  Queen  
  20  2:04  Zergling x2  
  20  2:05  Queen, Drone  
  26  2:13  Drone x2  
  28  2:20  Metabolic Boost  
  28  2:22  Drone  
  29  2:24  Drone  
  30  2:33  Drone x2  
  32  2:40  Baneling Nest  
  31  2:45  Queen  
  31  2:50  Drone x2  
  35  3:10  Hatchery  
  33  3:33  Overlord  
  33  3:34  Queen  
  33  3:35  Overlord  
  35  3:45  Overlord  
  35  3:53  Zergling x12  
  41  4:02  Drone x4  
  45  4:06  Drone x3  
  48  4:13  Lair  
  48  4:17  Drone x2  
  48  4:18  Roach Warren  
  49  4:25  Drone x2  
  49  4:27  Queen, Drone x4  
  57  4:40  Extractor x2  
  57  4:45  Overlord  
  55  4:47  Drone x3  
  55  4:48  Drone x2  
  60  4:59  Overlord  
  60  5:03  Drone x7, Evolution Chamber x2  
  65  5:11  Glial Reconstitution  
  65  5:12  Centrifical Hooks  
  64  5:25  Drone  
  64  5:26  Drone x8  
  73  5:34  Zergling x10  
  77  5:45  Queen  
  78  5:52  Zerg Melee Weapons Level 1, Zerg Ground Armor Level 1  
  78  5:55  Roach  
  80  5:57  Overlord  
  80  5:58  Overlord x2  
  80  6:09  Hatchery  
  79  6:15  Extractor  
  79  6:16  Extractor  
  77  6:19  Roach x7  
  77  6:21  Roach  
  77  6:24  Roach  
  95  6:39  Drone x4  
  99  6:47  Drone x6  
  105  6:56  Drone, Spire  
  105  6:57  Overlord x2  
  105  7:01  Baneling  
  105  7:02  Baneling x6  
  105  7:07  Overlord x2  
  105  7:08  Overlord  
  105  7:10  Spore Crawler  
  105  7:11  Drone  
  105  7:14  Drone, Spore Crawler  
  105  7:18  Spore Crawler  
  105  7:19  Spore Crawler  
  105  7:21  Ravager x3  
  105  7:22  Ravager x3  
  109  7:25  Zergling x20  
  119  7:30  Overlord  
  119  7:34  Drone  
  119  7:36  Infestation Pit  
  119  7:41  Drone x3  
  122  7:48  Zergling x4  
  122  7:49  Zergling x18  
  133  7:52  Ravager x4  
  133  7:54  Queen  
  139  8:10  Overlord  
  139  8:11  Overseer  
  139  8:13  Drone x2  
  139  8:14  Drone x9  
  147  8:25  Zergling x14  
  147  8:26  Zergling x4  
  152  8:28  Baneling x9  
  149  8:41  Extractor, Hatchery  
  149  8:45  Zerg Ground Armor Level 2  
  149  8:46  Zerg Melee Weapons Level 2  
  142  8:49  Drone x8  
  138  9:02  Roach x6  
  142  9:08  Drone  
  127  9:20  Hatchery  
  122  9:28  Zerg Flyer Armor Level 1  
  122  9:30  Corruptor x4  
  121  9:39  Corruptor  
  123  9:54  Queen  
  124  10:00  Hive  
  122  10:09  Corruptor  
  122  10:10  Corruptor x2  
  127  10:17  Extractor  
  127  10:18  Extractor x2  
  127  10:19  Drone x2  
  124  10:30  Corruptor x3  
  124  10:33  Zergling x14  
  124  10:34  Zergling x30  
  152  10:53  Overlord x2  
  152  10:57  Corruptor  
  152  10:58  Corruptor x4  
  162  11:13  Overseer  
  162  11:17  Extractor  
  161  11:21  Queen, Spore Crawler  
  161  11:22  Drone x8  
  161  11:23  Drone x3  
  171  11:26  Corruptor x4  
  171  11:29  Zergling x2  
  171  11:30  Zergling x20  
  190  11:41  Overlord x2  
  190  11:42  Overlord x2  
  187  11:57  Overlord  
  187  11:58  Overlord  
  187  12:04  Drone x3  
  190  12:20  Ravager x2  
  190  12:21  Ravager x3  
Show
View Real Time Build Order
Export as new Build Order

Juggernaut Terran 

Build Orders:  

Get SALT Encoding   

  12  0:09  Refinery  
  12  0:21  SCV  
  13  0:33  Supply Depot, SCV  
  14  0:49  Supply Depot  
  14  0:58  Barracks  
  14  1:04  Refinery  
  14  1:05  SCV  
  15  1:20  Supply Depot  
  15  1:30  SCV  
  16  1:43  SCV  
  17  1:49  Barracks Tech Lab  
  17  2:22  Marine  
  18  2:38  Factory  
  18  2:40  Marine  
  19  2:58  Marine  
  20  3:21  Engineering Bay  
  20  3:37  Barracks Reactor, Starport  
  20  3:55  Command Center  
  20  4:00  Missile Turret  
  20  4:04  Missile Turret  
  20  4:16  Starport Tech Lab  
  20  4:18  Supply Depot  
  20  4:28  Siege Tank  
  23  4:35  SCV  
  24  4:47  SCV  
  25  4:59  SCV  
  26  5:10  SCV  
  26  5:11  SCV  
  28  5:22  SCV  
  28  5:23  SCV  
  30  5:34  Marine x2, SCV  
  34  5:35  SCV  
  34  5:41  Missile Turret  
  34  5:46  SCV  
  34  5:47  SCV  
  36  5:52  Marine x2, Refinery  
  36  5:56  Refinery  
  38  5:58  SCV  
  38  5:59  SCV  
  40  6:10  SCV  
  41  6:13  Banshee  
  44  6:18  Cloaking Field  
  44  6:23  SCV  
  45  6:27  SCV  
  46  6:35  SCV  
  46  6:36  Siege Tank  
  50  6:56  Banshee  
  53  7:11  Marine x2  
  55  7:17  SCV  
  55  7:19  SCV  
  57  7:29  Marine, SCV  
  59  7:31  SCV  
  60  7:41  SCV  
  60  7:43  SCV  
  62  7:45  Supply Depot  
  62  7:49  Command Center  
  62  7:58  Command Center  
  62  8:07  SCV  
  62  8:08  Supply Depot  
  63  8:13  Banshee  
  66  8:22  Starport  
  66  8:26  Starport  
  66  8:30  Supply Depot  
  60  9:38  Starport Tech Lab  
  60  9:40  Starport Tech Lab  
  60  9:43  Starport  
  60  9:48  Supply Depot  
  60  9:49  Armory  
  60  9:52  SCV  
  61  9:53  SCV x2  
  61  9:55  SCV  
  64  10:04  SCV  
  64  10:05  SCV x2  
  67  10:07  SCV  
  67  10:08  Banshee x2  
  67  10:10  Supply Depot, Banshee  
  77  10:17  SCV x3  
  77  10:18  Siege Tank  
  77  10:19  SCV  
  77  10:21  Starport Reactor  
  84  10:25  Starport  
  83  10:29  SCV x3  
  83  10:31  SCV  
  86  10:41  SCV x3  
  89  10:44  SCV  
  84  11:08  Viking x2  
  94  11:15  Starport Tech Lab x2  
  94  11:16  Starport Tech Lab  
  90  11:38  Viking x2, Starport Reactor  
  92  11:55  Missile Turret  
  92  11:58  Missile Turret  
  92  12:09  Missile Turret  
  92  12:10  Missile Turret  
  92  12:13  Missile Turret  
  92  12:15  Missile Turret  
  92  12:17  Missile Turret  
  109  12:30  Missile Turret  
Tags
 
Add a new tag
Caveats
  • Supply blocks, unpowered buildings, or Contaminate may cause inaccurate times.
  • Supply counts are checked every 10 seconds.